 Dungeon Crawl Stone Soup version 0.31-a0-174-g85c54bcb58 (webtiles) character file.

Game seed: 10554688980921490413

1454 qw the Skirmisher (level 8, -1/74 HPs)
             Began as a Naga Hunter on June 15, 2023.
             Slain by a yak (9 damage)
             ... on level 8 of the Dungeon.
             The game lasted 00:02:30 (4326 turns).

qw the Skirmisher (Naga Hunter)                     Turns: 4326, Time: 00:02:31

Health: -1/74      AC:  9    Str: 14    XL:     8   Next: 76%
Magic:  2/2        EV: 10    Int: 10    God:
Gold:   314        SH:  0    Dex: 19    Spells: 7/7 levels left

rFire   . . .        Y - +2 arbalest (antimagic)
rCold   . . .        (shield currently unavailable)
rNeg    . . .        a - +1 leather armour "Qoseotedgh" {Regen+ Dex+3}
rPois   +            k - +2 helmet
rElec   .            l - +0 cloak
rCorr   .            (no gloves)
SInv    +            (no barding)
Will    ++...        b - amulet of faith
Stlth   ++           d - ring of willpower
HPRegen 1.12/turn    g - +4 ring of slaying {mikee}
MPRegen 0.08/turn

%: faith
@: lethally poisoned (-1 -> -3), very slow
A: AC +2, large, see invisible, deformed body, poison resistance, slowness 2,
spit poison 1, naga tail 1
a: Spit Poison


You were on level 8 of the Dungeon.
You visited 1 branch of the dungeon, and saw 8 of its levels.

You collected 326 gold pieces.
You spent 12 gold pieces at shops.


Innate Abilities, Weirdness & Mutations

Your serpentine skin is tough. (AC +2)
You have supernaturally acute eyesight. (SInv)
Armour fits poorly on your strangely shaped body.
Your system is resistant to poisons. (rPois)
You cover ground very slowly.
You can spit poison.
You have a snake-like lower body.


   Skills:
 - Level 5.3 Fighting
 - Level 9.0 Ranged Weapons
 - Level 1.1 Armour
 + Level 2.0 Dodging
 - Level 1.5 Stealth


You had 7 spell levels left.
You didn't know any spells.
Your spell library was empty.

Inventory:

Hand Weapons
 Y - a +2 antimagic arbalest (weapon)
Armour
 a - the +1 leather armour "Qoseotedgh" (worn) {Regen+ Dex+3}
   (You found it on level 2 of the Dungeon)

   Dex:       It affects your dexterity (+3).
   Regen:     It increases your rate of health regeneration.
 k - a +2 helmet (worn)
 l - a +0 cloak (worn)
Jewellery
 b - an amulet of faith (around neck)
 d - a ring of willpower (left hand)
 g - a +4 ring of slaying (right hand) {mikee}
 j - a ring of resist corrosion
Scrolls
 e - 2 scrolls of identify
 i - a scroll of teleportation
 m - a scroll of torment {unknown}
Potions
 c - 2 potions of heal wounds
 f - 3 potions of curing
 h - a potion of might

Dungeon Overview and Level Annotations

Branches:
Dungeon (9/15)
 Temple: D:4-7         Lair: D:8-11         Orc: D:9-12

Altars:
Ashenzari
Makhleb
Qazlal
Sif Muna
Xom

Shops:
D:6 (*

Annotations:
D:8 Amaemon


Message History

The orange demon stings you but does no damage.
The yak barely misses you.
You shoot a bolt. The bolt hits the yak!
You kill the yak!
You have got your breath back.
The orange demon stings you from afar. The yak gores you but does no damage.
Amaemon hits you but does no damage.
You are poisoned.
Amaemon claws you but does no damage. Amaemon barely misses you.
Your Ranged Weapons skill increases to level 9!
4324 ||| INVOKING Spit Poison.
Aiming: Spit Poison (1% risk of failure)
Press: ? - help, Shift-Dir - straight line, f - Amaemon The splash of poison hits Amaemon.
Amaemon is poisoned.
Amaemon is lightly wounded.
You feel sick.
The orange demon stings you but does no damage.
The yak barely misses you. The yak gores you! The yak gores you.
Amaemon hits you with a +1 demon whip of venom.
Amaemon claws you.
Amaemon tail-slaps you but does no damage.
You shoot a bolt. The bolt hits Amaemon!
Amaemon's magic leaks into the air.
Amaemon is moderately wounded.
You feel sick. The orange demon stings you from afar.
The yak barely misses you. The yak closely misses you.
Amaemon hits you with a +1 demon whip of venom.
You are more poisoned.
Amaemon claws you but does no damage.
Amaemon tail-slaps you but does no damage.
The yak completely misses you. The yak gores you but does no damage.
The orange demon barely misses you. The yak gores you!
The yak completely misses you.
Amaemon points at the orange demon and mumbles some strange words.
The orange demon seems to grow toxic.
You shoot a bolt. The bolt hits Amaemon.
Amaemon's magic leaks into the air.
Amaemon is moderately wounded.
You have got your breath back.
You feel very sick. The orange demon misses you. The yak gores you! x2
You die...

...# ..#
..# ###
?.. ...
#.##$#
#..4.
#######..#
.....YY@.#
##...YYY6#
#.####.##
.<. ..#
.... #...
##.#


You could see Amaemon (poisoned, magic disrupted), an orange demon (curare) and
5 yaks.

Vanquished Creatures
  A yak (D:8)
  An ice beast (D:6)
  An ogre (D:3)
  4 phantoms
  4 wights (D:4)
  A crimson imp (D:3)
  4 hounds
  5 orc priests
  A sleepcap (D:6)
  2 iguanas (D:5)
  A gnoll (D:1)
  10 adders
  A shadow imp (D:3)
  An ufetubus (D:6)
  3 worms (D:2)
  A dart slug (D:1)
  23 orcs
  11 ball pythons
  8 endoplasms
  3 giant cockroaches
  3 goblins
  7 hobgoblins
  5 jackals (D:3)
  5 quokkas
  7 bats
  3 frilled lizards
  5 kobolds
  10 rats
131 creatures vanquished.

Notes
Turn   | Place    | Note
-------+----------+-------------------------------------------
     0 | D:1      | qw the Naga Hunter began the quest for the Orb.
     0 | D:1      | Reached XP level 1. HP: 19/19 MP: 1/1
     0 | D:1      | 0 ||| qw: Version: 0.2-a-29-g511e9b1
     0 | D:1      | 0 ||| qw: Game counter: 5561
     0 | D:1      | 0 ||| qw: Always use a shield: true
     0 | D:1      | 0 ||| qw: God list: Okawaru
     0 | D:1      | 0 ||| qw: Allow faded altars: false
     0 | D:1      | 0 ||| qw: Do Orc after D:15 true
     0 | D:1      | 0 ||| qw: Do second Lair branch before Depths: true
     0 | D:1      | 0 ||| qw: Lair rune preference: random
     0 | D:1      | 0 ||| qw: Plans: Normal
     0 | D:1      | 0 ||| PLANNING D:1-11
     8 | D:1      | 8 ||| INVOKING Spit Poison.
    43 | D:1      | 43 ||| INVOKING Spit Poison.
    48 | D:1      | 48 ||| INVOKING Spit Poison.
   115 | D:1      | 115 ||| INVOKING Spit Poison.
   118 | D:1      | Reached skill level 4 in Ranged Weapons
   118 | D:1      | Reached XP level 2. HP: 26/26 MP: 2/2
   121 | D:1      | 121 ||| INVOKING Spit Poison.
   130 | D:1      | 130 ||| INVOKING Spit Poison.
   159 | D:1      | 159 ||| INVOKING Spit Poison.
   182 | D:1      | 182 ||| INVOKING Spit Poison.
   191 | D:1      | 191 ||| INVOKING Spit Poison.
   194 | D:1      | 194 ||| INVOKING Spit Poison.
   273 | D:1      | 273 ||| INVOKING Spit Poison.
   279 | D:1      | Reached XP level 3. HP: 32/32 MP: 3/3
   280 | D:1      | 280 ||| INVOKING Spit Poison.
   336 | D:1      | 336 ||| INVOKING Spit Poison.
   407 | D:1      | 407 ||| INVOKING Spit Poison.
   465 | D:1      | 465 ||| INVOKING Spit Poison.
   513 | D:1      | 513 ||| INVOKING Spit Poison.
   581 | D:1      | 581 ||| INVOKING Spit Poison.
   595 | D:1      | 595 ||| INVOKING Spit Poison.
   605 | D:1      | 605 ||| INVOKING Spit Poison.
   646 | D:1      | 646 ||| INVOKING Spit Poison.
   680 | D:1      | 680 ||| UPGRADING to +0 cloak.
   685 | D:1      | 685 ||| UPGRADING to ring of resist corrosion.
   686 | D:1      | 686 ||| READING scroll labelled AMENI FUVAFYMIJ.
   687 | D:1      | 687 ||| READING 4 scrolls labelled SEPOMN JENEIRGH.
   688 | D:1      | 688 ||| READING scroll labelled ETEKLE FUAXU.
   689 | D:1      | 689 ||| READING scroll labelled WAAB YCIEGUWI.
   790 | D:1      | 790 ||| DRINKING 2 bubbling clear potions.
   791 | D:1      | 791 ||| READING 3 scrolls of identify.
   791 | D:1      | 791 ||| IDENTIFYING glowing silvery potion
   792 | D:1      | 792 ||| READING 2 scrolls of identify.
   792 | D:1      | 792 ||| IDENTIFYING bubbling white potion
   793 | D:1      | 793 ||| DROPPING scroll of butterflies.
   794 | D:1      | 794 ||| DROPPING potion of attraction.
   795 | D:1      | 795 ||| DROPPING potion of brilliance.
   825 | D:2      | 825 ||| INVOKING Spit Poison.
   829 | D:2      | 829 ||| INVOKING Spit Poison.
   858 | D:2      | 858 ||| INVOKING Spit Poison.
   862 | D:2      | 862 ||| INVOKING Spit Poison.
   902 | D:2      | Identified the +1 leather armour "Qoseotedgh" {Regen+
                  | Dex+3}
   948 | D:2      | 948 ||| INVOKING Spit Poison.
   952 | D:2      | 952 ||| INVOKING Spit Poison.
   955 | D:2      | 955 ||| INVOKING Spit Poison.
  1028 | D:2      | 1028 ||| INVOKING Spit Poison.
  1030 | D:2      | Reached skill level 5 in Ranged Weapons
  1030 | D:2      | Reached XP level 4. HP: 39/39 MP: 4/4
  1053 | D:2      | 1053 ||| INVOKING Spit Poison.
  1056 | D:2      | 1056 ||| INVOKING Spit Poison.
  1090 | D:2      | 1090 ||| INVOKING Spit Poison.
  1096 | D:2      | 1096 ||| INVOKING Spit Poison.
  1101 | D:2      | 1101 ||| INVOKING Spit Poison.
  1104 | D:2      | 1104 ||| INVOKING Spit Poison.
  1107 | D:2      | 1107 ||| INVOKING Spit Poison.
  1163 | D:2      | 1163 ||| INVOKING Spit Poison.
  1212 | D:2      | 1212 ||| INVOKING Spit Poison.
  1303 | D:2      | 1303 ||| INVOKING Spit Poison.
  1313 | D:2      | 1313 ||| INVOKING Spit Poison.
  1435 | D:2      | 1435 ||| INVOKING Spit Poison.
  1440 | D:2      | Identified the +1 robe of Hulerupu {rF+++ rC- Str+4 Dex-5}
  1540 | D:2      | 1540 ||| UPGRADING to +1 leather armour "Qoseotedgh"
                  | {Regen+ Dex+3}.
  1550 | D:2      | 1550 ||| DROPPING +0 leather armour.
  1551 | D:2      | 1551 ||| READING scroll labelled VUUPNU SATTAM.
  1551 | D:2      | Identified a scroll of acquirement
  1551 | D:2      | 1551 ||| ACQUIRING +0 antimagic arbalest
  1551 | D:2      | Acquired a +0 antimagic arbalest
  1553 | D:2      | 1553 ||| UPGRADING to +0 antimagic arbalest.
  1554 | D:2      | 1554 ||| DROPPING +0 shortbow.
  1555 | D:2      | 1555 ||| READING scroll labelled ETUSHRA FICEIW.
  1556 | D:2      | 1556 ||| READING scroll labelled ODONGI SEMA.
  1557 | D:2      | 1557 ||| READING 3 scrolls of identify.
  1557 | D:2      | 1557 ||| IDENTIFYING pink potion
  1590 | D:3      | 1590 ||| INVOKING Spit Poison.
  1604 | D:3      | 1604 ||| INVOKING Spit Poison.
  1607 | D:3      | Reached skill level 3 in Fighting
  1607 | D:3      | Reached XP level 5. HP: 49/49 MP: 1/5
  1612 | D:3      | Noticed a water elemental
  1614 | D:3      | Found a stormy altar of Qazlal.
  1617 | D:3      | Noticed an air elemental
  1617 | D:3      | Noticed a fire elemental
  1636 | D:3      | Found a faded altar of an unknown god.
  1641 | D:3      | 1641 ||| INVOKING Spit Poison.
  1818 | D:3      | 1818 ||| INVOKING Spit Poison.
  1856 | D:3      | 1856 ||| INVOKING Spit Poison.
  1859 | D:3      | 1859 ||| INVOKING Spit Poison.
  1864 | D:3      | 1864 ||| INVOKING Spit Poison.
  1900 | D:3      | 1900 ||| INVOKING Spit Poison.
  1905 | D:3      | 1905 ||| INVOKING Spit Poison.
  1915 | D:3      | Found a faded altar of an unknown god.
  1918 | D:3      | Found a shimmering blue altar of Sif Muna.
  2151 | D:3      | 2151 ||| INVOKING Spit Poison.
  2164 | D:3      | Found a shimmering altar of Xom.
  2166 | D:3      | Found a burning altar of Makhleb.
  2170 | D:3      | 2170 ||| UPGRADING to +2 helmet.
  2175 | D:3      | 2175 ||| UPGRADING to amulet of faith.
  2180 | D:3      | 2180 ||| UPGRADING to +4 ring of slaying {mikee}.
  2181 | D:3      | 2181 ||| READING scroll labelled YGIYC RUHUHOE.
  2182 | D:3      | 2182 ||| READING 3 scrolls of identify.
  2182 | D:3      | 2182 ||| IDENTIFYING purple potion
  2183 | D:3      | 2183 ||| READING 2 scrolls of identify.
  2183 | D:3      | 2183 ||| IDENTIFYING red potion
  2184 | D:3      | 2184 ||| DROPPING potion of ambrosia.
  2185 | D:3      | 2185 ||| DROPPING potion of lignification.
  2249 | D:4      | 2249 ||| STAIRDANCE
  2253 | D:4      | 2253 ||| STAIRDANCE
  2255 | D:3      | 2255 ||| INVOKING Spit Poison.
  2259 | D:3      | 2259 ||| INVOKING Spit Poison.
  2261 | D:4      | Noticed an ogre
  2262 | D:4      | 2262 ||| STAIRDANCE
  2264 | D:3      | 2264 ||| INVOKING Spit Poison.
  2270 | D:4      | 2270 ||| STAIRDANCE
  2272 | D:3      | 2272 ||| INVOKING Spit Poison.
  2274 | D:3      | Killed an ogre
  2275 | D:3      | Reached skill level 6 in Ranged Weapons
  2275 | D:3      | Reached XP level 6. HP: 22/56 MP: 2/6
  2307 | D:4      | 2307 ||| STAIRDANCE
  2311 | D:4      | 2311 ||| STAIRDANCE
  2313 | D:3      | 2313 ||| INVOKING Spit Poison.
  2317 | D:4      | 2317 ||| STAIRDANCE
  2321 | D:4      | 2321 ||| STAIRDANCE
  2325 | D:4      | 2325 ||| STAIRDANCE
  2329 | D:4      | 2329 ||| STAIRDANCE
  2333 | D:4      | 2333 ||| STAIRDANCE
  2337 | D:4      | 2337 ||| STAIRDANCE
  2341 | D:4      | 2341 ||| STAIRDANCE
  2345 | D:4      | 2345 ||| STAIRDANCE
  2349 | D:4      | 2349 ||| STAIRDANCE
  2353 | D:4      | 2353 ||| STAIRDANCE
  2357 | D:4      | 2357 ||| STAIRDANCE
  2359 | D:3      | 2359 ||| INVOKING Spit Poison.
  2363 | D:4      | 2363 ||| STAIRDANCE
  2365 | D:3      | 2365 ||| INVOKING Spit Poison.
  2369 | D:4      | 2369 ||| STAIRDANCE
  2373 | D:4      | 2373 ||| STAIRDANCE
  2378 | D:4      | 2378 ||| INVOKING Spit Poison.
  2381 | D:4      | 2381 ||| INVOKING Spit Poison.
  2389 | D:4      | 2389 ||| INVOKING Spit Poison.
  2670 | D:4      | 2670 ||| INVOKING Spit Poison.
  2701 | D:4      | 2701 ||| INVOKING Spit Poison.
  2745 | D:4      | 2745 ||| INVOKING Spit Poison.
  2751 | D:4      | 2751 ||| INVOKING Spit Poison.
  2790 | D:4      | 2790 ||| INVOKING Spit Poison.
  2821 | D:4      | 2821 ||| INVOKING Spit Poison.
  2824 | D:4      | Reached XP level 7. HP: 63/64 MP: 2/7
  2910 | D:4      | Reached skill level 7 in Ranged Weapons
  2912 | D:4      | Reached skill level 1 in Armour
  2919 | D:4      | 2919 ||| READING scroll of enchant weapon.
  2919 | D:4      | 2919 ||| ENCHANTING +1 antimagic arbalest.
  2993 | D:4      | 2993 ||| INVOKING Spit Poison.
  3040 | D:4      | 3040 ||| INVOKING Spit Poison.
  3043 | D:4      | 3043 ||| INVOKING Spit Poison.
  3084 | D:4      | 3084 ||| INVOKING Spit Poison.
  3107 | D:4      | 3107 ||| INVOKING Spit Poison.
  3121 | D:4      | 3121 ||| UPGRADING to ring of willpower.
  3123 | D:4      | 3123 ||| READING scroll labelled SOPUPRIYXT.
  3124 | D:4      | 3124 ||| READING scroll labelled OSSIENU CU JEM.
  3129 | D:4      | 3129 ||| DRINKING 2 lumpy red potions.
  3227 | D:3      | 3227 ||| Stepping randomly (stuck).
  3443 | D:5      | Entered Level 5 of the Dungeon
  3524 | D:5      | 3524 ||| INVOKING Spit Poison.
  3529 | D:5      | 3529 ||| INVOKING Spit Poison.
  3576 | D:5      | 3576 ||| INVOKING Spit Poison.
  3579 | D:5      | Reached XP level 8. HP: 71/72 MP: 2/8
  3579 | D:5      | 3579 ||| INVOKING Spit Poison.
  3582 | D:5      | 3582 ||| INVOKING Spit Poison.
  3587 | D:5      | Reached skill level 8 in Ranged Weapons
  3605 | D:5      | 3605 ||| INVOKING Spit Poison.
  3606 | D:5      | 3606 ||| Stepping ~*~*~tactically~*~*~ (outnumbered).
  3610 | D:5      | 3610 ||| INVOKING Spit Poison.
  3613 | D:5      | 3613 ||| INVOKING Spit Poison.
  3616 | D:5      | 3616 ||| INVOKING Spit Poison.
  3619 | D:5      | 3619 ||| INVOKING Spit Poison.
  3624 | D:5      | 3624 ||| INVOKING Spit Poison.
  3659 | D:5      | 3659 ||| INVOKING Spit Poison.
  3727 | D:5      | 3727 ||| INVOKING Spit Poison.
  3730 | D:5      | 3730 ||| INVOKING Spit Poison.
  3916 | D:5      | 3916 ||| INVOKING Spit Poison.
  4003 | D:5      | 4003 ||| READING 2 scrolls of identify.
  4003 | D:5      | 4003 ||| IDENTIFYING emerald potion
  4004 | D:5      | 4004 ||| DROPPING potion of enlightenment.
  4055 | D:6      | Found Hisimusomp's CLEARANCE SALE!.
  4066 | D:6      | 4066 ||| BUYING potion of curing (12 gold).
  4066 | D:6      | Bought a potion of curing for 12 gold pieces
  4109 | D:6      | 4109 ||| INVOKING Spit Poison.
  4112 | D:6      | 4112 ||| INVOKING Spit Poison.
  4116 | D:6      | Found Har Ywea's Antique Weapon Emporium.
  4121 | D:6      | 4121 ||| INVOKING Spit Poison.
  4132 | D:6      | 4132 ||| SHOPLISTING +8 longbow "Zephyr" {speed, Dex+3
                  | SInv} (1925 gold, have 296).
  4229 | D:6      | 4229 ||| INVOKING Spit Poison.
  4233 | D:6      | 4233 ||| INVOKING Spit Poison.
  4237 | D:6      | Found a broken altar of Ashenzari.
  4312 | D:6      | You fall into a shaft and drop 3 floors!
  4315 | D:9      | Noticed a kobold demonologist
  4316 | D:9      | 4316 ||| FLEEEEING.
  4317 | D:9      | 4317 ||| FLEEEEING.
  4318 | D:9      | 4318 ||| STAIRDANCE
  4319 | D:8      | Noticed a yak
  4319 | D:8      | Noticed a yak
  4319 | D:8      | Noticed a yak
  4319 | D:8      | Noticed a yak
  4319 | D:8      | Noticed a yak
  4319 | D:8      | Noticed a yak
  4320 | D:8      | 4320 ||| INVOKING Spit Poison.
  4321 | D:8      | Noticed Amaemon
  4322 | D:8      | Noticed an orange demon
  4323 | D:8      | Killed a yak
  4324 | D:8      | Reached skill level 9 in Ranged Weapons
  4324 | D:8      | 4324 ||| INVOKING Spit Poison.
  4326 | D:8      | HP: 8/74 [yak (14)]
  4326 | D:8      | Slain by a yak

Levels and vault maps discovered:
D:1:      minmay_arrival_checkered_box, layout_basic
D:2:      layout_loops_ring
D:3:      layout_rooms, grunt_temple_overflow_champion_of_chaos,
          nicolae_overflow_ecumenical_swirl, nicolae_qazlal_style_of_elements,
          ebering_ecumenical_altar_abandoned, hex_medium
D:4:      layout_loops_ring, minmay_misc_feat_chi
D:5:      layout_gridville
D:6:      layout_basic, ashenzari_altar_1, serial_shops,
          nicolae_shop_tiny_waterfront, minmay_misc_feat_x,
          nicolae_shop_clearance
D:8:      layout_basic, fedhas_altar_1, serial_shops, nicolae_shop_waterfront,
          uniq_maurice, uniq_amaemon
D:9:      layout_stronghold, good_gods_mini_temple, serial_shops, shop,
          dk_vineyard_2, uniq_psyche

Skill      XL: |  1  2  3  4  5  6  7  8 |
---------------+-------------------------+-----
Ranged Weapons | 4 5 6 7 9 |  9.0
Fighting       | 3 4 5 |  5.3
Dodging        | 2 |  2.0
Armour         | 1 |  1.1
Stealth        | |  1.5

Action                     |  1- 3 |  4- 6 |  7- 9 || total
---------------------------+-------+-------+-------++-------
   Fire: Shortbow          |    60 |    23 |       ||    83
         Arbalest          |       |    61 |    92 ||   153
Ability: Spit Poison       |    28 |    38 |    27 ||    93
    Use: Scroll            |     6 |     7 |     4 ||    17
         Potion            |     1 |       |     1 ||     2
 Armour: Leather armour    |    13 |    33 |    48 ||    94
  Dodge: Dodged            |     9 |    39 |    51 ||    99

Table legend:
 A = Non-vault XP
 B = Vault XP
 C = Vault XP percentage of total XP
 D = Non-vault monster count
 E = Vault monster count
 F = Vault count percentage of total count
                 A         B        C        D         E       F
            +---------+---------+-------+---------+---------+-------
      Total |    2028 |      50 |   2.4 |     130 |       1 |   0.8
            +---------+---------+-------+---------+---------+-------
        D:1 |      56 |       0 |   0.0 |      28 |       0 |   0.0
        D:2 |      67 |       0 |   0.0 |      21 |       0 |   0.0
        D:3 |     249 |      50 |  16.7 |      26 |       1 |   3.7
        D:4 |     667 |       0 |   0.0 |      24 |       0 |   0.0
        D:5 |     592 |       0 |   0.0 |      24 |       0 |   0.0
        D:6 |     195 |       0 |   0.0 |       6 |       0 |   0.0
        D:8 |     202 |       0 |   0.0 |       1 |       0 |   0.0
            +---------+---------+-------+---------+---------+-------
